 Dungeon Sprint DCSS version 0.28-a0-511-gcc94558de3 (webtiles) character file.

Game seed: 1149550760117302666

294 boopmooplesden the Cruncher (level 8, -1/77 HPs)
             Began as a Minotaur Gladiator on Sept 22, 2021.
             Was an Elder of Okawaru.
             Slain by a swamp dragon (10 damage)
             ... in the Dungeon (Sprint VI: "Thunderdome").
             The game lasted 00:06:46 (732 turns).

boopmooplesden the Cruncher (Minotaur Gladiator)     Turns: 732, Time: 00:06:47

Health: -1/77      AC: 10    Str: 16    XL:     8   Next: 48%
Magic:  14/16      EV: 20    Int:  2    God:    Okawaru [****..]
Gold:   25         SH:  5    Dex: 15    Spells: 7/7 levels left

rFire   + + .      SeeInvis +   a - +0 quarterstaff
rCold   + . .      Faith    .   (shield currently unavailable)
rNeg    + . .      Spirit   .   s - +0 troll leather armour {Purgy}
rPois   +          Reflect  +   c - +0 hat
rElec   +          Harm     .   p - +0 cloak
rCorr   .          Rampage  .   o - +0 pair of gloves
Will    +....      NoTele   +   v - +0 pair of boots of Vaor {rPois rN+ Int-3 Dex+2}
Stlth   +++.......              q - amulet "Erulaeto" {Reflect +Inv SH+5}
HPRegen 1.22/turn               r - ring "Mufaukh" {rElec rF++ rC+ Str-2 SInv}
MPRegen 0.15/turn               t - ring "Teof" {rElec Will+ MP+9 Str-2}

@: heroic
A: horns 2, retaliatory headbutt
a: Renounce Religion, Evoke Invisibility, Heroism, Finesse


You were in the Dungeon.
You worshipped Okawaru.
Okawaru was greatly pleased with you.
You visited 1 branch You collected 600 gold pieces.
You spent 575 gold pieces at shops.

Inventory:

Hand Weapons
 a - a +0 quarterstaff (weapon)
 u - a +2 great sword of freezing
Missiles
 d - a throwing net (quivered)
Armour
 b - a +0 leather armour
 c - a +0 hat (worn)
 o - a +0 pair of gloves (worn)
 p - a +0 cloak (worn)
 s - a +0 troll leather armour (worn) {Purgy}
 v - the +0 pair of boots of Vaor (worn) {rPois rN+ Int-3 Dex+2}
   (You bought it in a shop in the Dungeon)

   Int:       It affects your intelligence (-3).
   Dex:       It affects your dexterity (+2).
   rPois:     It protects you from poison.
   rN:        It protects you from negative energy.
Jewellery
 q - the amulet "Erulaeto" (around neck) {Reflect +Inv SH+5}
   (You bought it in a shop in the Dungeon)

   [amulet of reflection]

   It reflects blocked missile attacks.
   +Inv:      It lets you turn invisible.
   SH:        It affects your SH (+5).
 r - the ring "Mufaukh" (left hand) {rElec rF++ rC+ Str-2 SInv}
   (You bought it in a shop in the Dungeon)

   [ring of see invisible]

   Str:       It affects your strength (-2).
   rF:        It greatly protects you from fire.
   rC:        It protects you from cold.
   rElec:     It insulates you from electricity.
   SInv:      It lets you see invisible.
 t - the ring "Teof" (right hand) {rElec Will+ MP+9 Str-2}
   (You bought it in a shop in the Dungeon)

   [ring of willpower]

   Str:       It affects your strength (-2).
   rElec:     It insulates you from electricity.
   MP:        It affects your magic capacity (+9).
   Will:      It increases your willpower.
Wands
 l - a wand of acid (5)
Scrolls
 j - 4 scrolls of blinking
 n - 3 scrolls of fog
Potions
 e - a potion of curing
 f - a potion of heal wounds
 g - 3 potions of haste
 h - 2 potions of magic
 i - a potion of flight {unknown}
 k - a potion of resistance


   Skills:
 + Level 8.9(13.9) Fighting
 + Level 14.1(19.1) Staves
 + Level 6.3(11.3) Throwing
 + Level 5.5(10.5) Armour
 + Level 11.6(16.6) Dodging
 + Level 2.5(7.5) Stealth
 + Level 3.0(8.0) Shields
 + Level 0.2 Invocations


You had 7 spell levels left.
You didn't know any spells.
Your spell library was empty.

Dungeon Overview and Level Annotations

Branches:
Dungeon (1/1)

Altars:
Cheibriados
Dithmenos
Fedhas
Gozag
Kikubaaqudgha
Makhleb
Okawaru
Qazlal
Ru
Sif Muna
Trog
Uskayaw
Vehumet
Wu Jian
Xom
Yredelemnul
Zin
The Shining One
Beogh
Jiyva
Lugonu

Shops:
D *[??*?*:[((!!!!

Annotations:
D Lernaean hydra


Innate Abilities, Weirdness & Mutations

You have a pair of horns on your head.
You reflexively headbutt those who attack you in melee.


Message History

The swamp dragon is moderately wounded.
The iceblast engulfs the goliath frog!
The goliath frog is moderately wounded.
Aiming: Iceblast
Press: ? - help, Shift-Dir - straight line, f/p - swamp dragon
Aim: a swamp dragon (moderately wounded)
The mass of ice explodes!
The iceblast engulfs the swamp dragon!
The swamp dragon is heavily wounded.
The iceblast engulfs the goliath frog!
The goliath frog is heavily wounded.
The spriggan rider closely misses you.
Aiming: Iceblast
Press: ? - help, Shift-Dir - straight line, p - swamp dragon The mass of ice explodes!
The iceblast engulfs the swamp dragon!
The swamp dragon is severely wounded.
The iceblast engulfs the 27-headed Lernaean hydra!
The 27-headed Lernaean hydra is lightly wounded.
The now-empty wand crumbles to dust.
The spriggan rider hits you from afar with a +0 spear!!
The swamp dragon completely misses you.
The swamp dragon claws you but does no damage.
The swamp dragon tramples you.
You stumble backwards!
You barely miss the swamp dragon. You headbutt the swamp dragon!
The swamp dragon is almost dead.
The spriggan rider hits you from afar with a +0 spear!!
The swamp dragon bites you. The swamp dragon misses you. x2
You gain the combat prowess of a mighty hero.
The spriggan rider hits you from afar with a +0 spear!
You block the swamp dragon's attack.
The swamp dragon claws you but does no damage.
The swamp dragon closely misses you.
You hit the swamp dragon.
The swamp dragon is almost dead.
You hit the swamp dragon.
The swamp dragon is almost dead.
The goliath frog barely misses you.
The spriggan rider hits you from afar with a +0 spear!!
* * * LOW HITPOINT WARNING * * *
The swamp dragon bites you!
You die...

#.....# ##.....## ##∩.....∩##
#∩.......∩# #_......._#
#_......._# #_......._#
###.........###
#⌠..@........⌠#
######.8.DD......8.######
##..__..i.)F###.......__∩##
###∩........8.# #.8........∩#
##..........(..###............
#⌠...(.[....###...###.........
#⌠..........# #.<.# #.........
#⌠..D.......###...###.........
##.......[..○○.###............


You could see the 27-headed Lernaean hydra, a swamp dragon, a spriggan rider and
a goliath frog.

Vanquished Creatures
  Pikel (D)
  A komodo dragon (D)
  A yak (D)
  A basilisk (D)
  Purgy (D)
  2 necrophages (D)
  2 kobold brigands (D)
  A wight (D)
  2 hell rats (D)
  3 river rats (D)
  An adder skeleton (D)
  2 bat zombies (D)
  A goblin (D)
  2 hobgoblins (D)
  2 quokkas (D)
  A ball python zombie (D)
24 creatures vanquished.

Notes
Turn   | Place    | Note
-------+----------+-------------------------------------------
     0 | D        | boopmooplesden the Minotaur Gladiator began the quest for
                  | the Orb.
     0 | D        | Reached XP level 1. HP: 18/18 MP: 0/0
     3 | D        | Found a shimmering blue altar of Sif Muna.
     3 | D        | Found a hide-covered altar of Uskayaw.
     4 | D        | Found a sacrificial altar of Ru.
     4 | D        | Found a snail-covered altar of Cheibriados.
     5 | D        | Found a radiant altar of Vehumet.
     5 | D        | Found an ornate altar of the Wu Jian Council.
     5 | D        | Round 1.
     6 | D        | Found a viscous altar of Jiyva.
     6 | D        | Found a burning altar of Makhleb.
     6 | D        | Found Faarav's Magic Scroll Shop.
     6 | D        | Found Risit's Staff Store.
     7 | D        | Found Dynipiqo's Magic Scroll Shop.
     7 | D        | Found Adila Xyrgha's Must-Have Magic.
    11 | D        | Found a glowing golden altar of the Shining One.
    12 | D        | Found an iron altar of Okawaru.
    13 | D        | Found Xoosei's Distillery.
    13 | D        | Found a corrupted altar of Lugonu.
    13 | D        | Found an opulent altar of Gozag.
    13 | D        | Found Sesmomn's Do-It-Yourself Clinic.
    14 | D        | Found Bonwuegh's Distillery.
    14 | D        | Found Zushimid's Bottled Wisdom.
    21 | D        | Became a worshipper of Warmaster Okawaru
    26 | D        | Found a glowing silver altar of Zin.
    27 | D        | Found a basalt altar of Yredelemnul.
    28 | D        | Found a bloodstained altar of Trog.
    29 | D        | Found a blossoming altar of Fedhas.
    29 | D        | Found a stormy altar of Qazlal.
    29 | D        | Found a shimmering altar of Xom.
    29 | D        | Found Zupy's Weapon Rack.
    29 | D        | Found Juquaxzo's Premium Goods.
    30 | D        | Found Otughyiz's Basic Armour.
    30 | D        | Found Fihosed's Miscellaneous Merchandise.
    38 | D        | Bought a +0 pair of gloves for 54 gold pieces
    38 | D        | Bought a +0 cloak for 54 gold pieces
    52 | D        | Found an ancient bone altar of Kikubaaqudgha.
    53 | D        | Found a shadowy altar of Dithmenos.
    55 | D        | Found Gumapa Lorpha's Identification Station.
    56 | D        | Found Fetzebul's Advanced Armour.
    56 | D        | Found Caxir's Jewellery.
    56 | D        | Noticed a kobold brigand
    66 | D        | Reached skill level 4 in Staves
    76 | D        | Killed a kobold brigand
    76 | D        | Reached * piety under Okawaru
    77 | D        | Reached skill level 7 in Staves
    77 | D        | Reached skill level 1 in Armour
    77 | D        | Reached skill level 5 in Dodging
    77 | D        | Reached XP level 2. HP: 3/27 MP: 1/1
    77 | D        | Reached XP level 3. HP: 4/33 MP: 2/2
    77 | D        | Reached XP level 4. HP: 5/40 MP: 3/3
    87 | D        | Noticed Pikel
    89 | D        | Noticed a kobold brigand
    98 | D        | Killed Pikel
    98 | D        | Reached ** piety under Okawaru
    98 | D        | Killed a kobold brigand
    98 | D        | Reached *** piety under Okawaru
    98 | D        | Arena points: 14 (+14) [x2]
    99 | D        | Reached skill level 11 in Staves
    99 | D        | Reached skill level 5 in Throwing
    99 | D        | Reached skill level 10 in Dodging
    99 | D        | Reached skill level 1 in Stealth
    99 | D        | Reached XP level 5. HP: 25/51 MP: 4/4
    99 | D        | Reached XP level 6. HP: 29/58 MP: 5/5
    99 | D        | Reached XP level 7. HP: 32/64 MP: 6/6
   109 | D        | Bought a bound sapphire amulet for 45 gold pieces
   109 | D        | Identified the amulet "Erulaeto" {Reflect +Inv SH+5} (You
                  | bought it in a shop in the Dungeon)
   109 | D        | Bought a smoking silver ring for 45 gold pieces
   109 | D        | Identified the ring "Mufaukh" {rElec rF++ rC+ Str-2 SInv}
                  | (You bought it in a shop in the Dungeon)
   156 | D        | Round 2.
   168 | D        | Noticed Purgy
   186 | D        | Killed Purgy
   187 | D        | Reached skill level 12 in Staves
   264 | D        | Arena points: 50 (+36) [x3]
   276 | D        | Bought a flickering iron ring for 45 gold pieces
   276 | D        | Identified the ring "Teof" {rElec Will+ MP+9 Str-2} (You
                  | bought it in a shop in the Dungeon)
   323 | D        | Round 3.
   327 | D        | Noticed a yak
   340 | D        | Killed a yak
   341 | D        | Reached skill level 1 in Shields
   474 | D        | Noticed a komodo dragon
   475 | D        | Noticed a basilisk
   490 | D        | Killed a komodo dragon
   490 | D        | Reached **** piety under Okawaru
   491 | D        | Reached skill level 13 in Staves
   491 | D        | Reached skill level 5 in Armour
   491 | D        | Reached XP level 8. HP: 33/74 MP: 7/7
   515 | D        | Arena points: 134 (+84) [x4]
   537 | D        | Round 4.
   585 | D        | Reached skill level 14 in Staves
   626 | D        | Arena points: 294 (+160) [x5]
   634 | D        | Bought a pair of jewelled boots for 332 gold pieces
   634 | D        | Identified the +0 pair of boots of Vaor {rPois rN+ Int-3
                  | Dex+2} (You bought it in a shop in the Dungeon)
   700 | D        | Round 5.
   706 | D        | Noticed a swamp dragon
   707 | D        | Noticed the 27-headed Lernaean hydra
   722 | D        | Noticed a goliath frog
   723 | D        | Noticed a spriggan rider
   732 | D        | Slain by a swamp dragon

Illustrated notes

Levels and vault maps discovered:
D:        arena_sprint

Skill      XL: |  1  2  3  4  5  6  7  8 |
---------------+-------------------------+-----
Staves         | 7 11 13 14 | 14.1
Fighting       | 3 6 8 |  8.9
Throwing       | 3 5 6 |  6.3
Armour         | 1 3 5 |  5.5
Dodging        | 5 10 11 | 11.6
Stealth        | 1 2 |  2.5
Shields        | 2 3 |  3.0
Invocations    | |  0.2

Action                   |  1- 3 |  4- 6 |  7- 9 || total
-------------------------+-------+-------+-------++-------
Melee: Quarterstaff      |     7 |    10 |    86 ||   103
       Headbutt          |     1 |       |    20 ||    21
Throw: Throwing net      |     2 |       |     4 ||     6
Invok: Heroism           |       |       |     2 ||     2
Evoke: Wand              |       |       |     5 ||     5
  Use: Potion            |     1 |     2 |     2 ||     5
 Stab: Held in net/web   |     1 |       |     3 ||     4
Armor: Leather armour    |       |     2 |     7 ||     9
       Troll leather arm |       |       |     9 ||     9
Dodge: Dodged            |     3 |     4 |    42 ||    49
Block: Other             |       |       |    18 ||    18

Table legend: (Time is in decaauts)
 A = Elapsed time spent in this place.
 B = Non-inter-level travel time spent in this place.
 C = Inter-level travel time spent in this place.
 D = Time resting spent in this place.
 E = Time spent auto-exploring this place.
 F = Levels seen in this place.
 G = Mean time per level.
                   A        B        C        D        E       F      G
               +--------+--------+--------+--------+--------+-----+--------+
         Total |    695 |    695 |      0 |     96 |      0 |   1 |  695.0 |
       Dungeon |    695 |    695 |      0 |     96 |      0 |   1 |  695.0 |
               +--------+--------+--------+--------+--------+-----+--------+

Top non-repeatable levels by time:
       D: 695 daAuts
